 Dungeon Crawl Stone Soup version 0.30-a0-377-g5cb311bc9f (webtiles) character file.

Game seed: 2134437626924869814

51 flotson the Sneak (level 3, -6/29 HPs)
             Began as a Demonspawn Delver on Nov 29, 2022.
             Mangled by a mummy (13 damage)
             ... in an ossuary.
             The game lasted 00:02:24 (328 turns).

flotson the Sneak (Demonspawn Delver)                Turns: 328, Time: 00:02:24

Health: -6/29      AC:  3    Str: 14    XL:     3   Next: 57%
Magic:  3/3        EV: 12    Int: 11    God:
Gold:   0          SH:  0    Dex: 14    Spells: 2/2 levels left

rFire   . . .      SeeInvis .    a - +0 spear
rCold   + . .      Faith    .    (no shield)
rNeg    . . .      Spirit   .    b - +0 leather armour
rPois   .          Reflect  .    (no helmet)
rElec   .          Harm     .    (no cloak)
rCorr   .          Rampage  .    (no gloves)
Will    .....                    (no boots)
Stlth   ++........               (no amulet)
HPRegen 0.24/turn                f - ring of protection from cold
MPRegen 0.08/turn                (no ring)

@: no status effects
A: foul stench 1
a: no special abilities


You were in an ossuary.
You visited 1 branch of the dungeon, and saw 2 of its levels.
You also visited: Ossuary.

Inventory:

Hand Weapons
 a - a +0 spear (weapon)
Missiles
 h - 3 poisoned darts (quivered)
Armour
 b - a +0 leather armour (worn)
Jewellery
 f - a ring of protection from cold (left hand)
Wands
 g - a wand of digging (3)
Scrolls
 c - 2 scrolls of fog
 e - a scroll of fear


   Skills:
 + Level 3.4 Fighting
 - Level 1.7 Polearms
 + Level 0.1 Throwing
 + Level 1.2 Armour
 + Level 2.3 Dodging
 - Level 4.5 Stealth
 + Level 1.3 Evocations


You had 2 spell levels left.
You didn't know any spells.
Your spell library was empty.

Dungeon Overview and Level Annotations

Branches:
Dungeon (5/15)            Ossuary (1/1)
 Temple: D:4-7

Altars:


Innate Abilities, Weirdness & Mutations

You may rarely emit foul miasma when damaged in melee.


Message History

You start resting.
You hear the slow hiss of an avalanche of sand.
You start resting.
A dart slug is nearby!
There is a sand-covered staircase here.
The world spins around you as you enter the gateway.
You enter an ossuary!
Found a gate leading back out of this place.
There is an empty arch of ancient stone here.
HP restored.
You open the door.
There is an open door here.
You open the door.
There is an open door here.
A mummy comes into view.
Found 2 potions of degeneration.
Found a potion of degeneration and a scroll of noise.
You reach to attack!
You hit the mummy but do no damage.
You reach to attack!
You hit the mummy.
The mummy is moderately damaged.
You hit the mummy.
The mummy is heavily damaged.
The mummy hits you!
You hit the mummy.
The mummy is severely damaged.
You hit the mummy but do no damage.
The mummy is severely damaged.
The mummy hits you!
* * * LOW HITPOINT WARNING * * *
You are too injured to fight recklessly!
You are too injured to fight recklessly!
You are too injured to fight recklessly!
You are too injured to fight recklessly!
You are too injured to fight recklessly!
You are too injured to fight recklessly!
You are too injured to fight recklessly!
You barely miss the mummy.
The mummy is severely damaged.
The mummy hits you!
You die...

##### #?..# !!!
#M# ###+### #@#
##.....## ##.+
##.......###..#
#.........#...+
+....⌠....'...#
#.........#...+
##.......###..#
##.....## ##.+
###'### #.#


You could see a mummy.

Vanquished Creatures
  A hound (D:5)
  2 adders (D:4)
  A dart slug (D:4)
4 creatures vanquished.

Notes
Turn   | Place    | Note
-------+----------+-------------------------------------------
     0 | D:5      | flotson the Demonspawn Delver began the quest for the Orb.
     0 | D:5      | Reached XP level 1. HP: 18/18 MP: 1/1
    33 | D:5      | Noticed a hound
    34 | D:5      | Noticed a scorpion
    63 | D:5      | Killed a hound
    64 | D:5      | Reached skill level 1 in Armour
    64 | D:5      | Reached skill level 1 in Evocations
    64 | D:5      | Gained mutation: You may rarely emit foul miasma when
                  | damaged in melee. [demonic ancestry]
    64 | D:5      | Reached XP level 2. HP: 3/24 MP: 2/2
    64 | D:5      | Reached XP level 3. HP: 4/29 MP: 3/3
   259 | D:4      | Found a sand-covered staircase.
   295 | Ossuary  | Entered an ossuary
   328 | Ossuary  | Mangled by a mummy

Illustrated notes

Levels and vault maps discovered:
D:4:      kennysheep_slugbush, layout_basic, enter_ossuary_5,
          gammafunk_ghost_split, kennysheep_pointless_box, minivault_19
D:5:      layout_basic, serial_shops, nicolae_shop_advertising_works
          [nicolae_subvault_shop_adworks], serial_bayou_lagoon_a
Ossuary:  ossuary_crypta

Skill      XL: |  1 |
---------------+----+-----
Armour         | 1 |  1.2
Dodging        | 2 |  2.3
Evocations     | 1 |  1.3
Fighting       | |  3.4
Polearms       | |  1.7
Throwing       | |  0.1
Stealth        | |  4.5

Action                   || total
-------------------------++-------
Melee: Spear             ||    33
  Use: Potion            ||     1
       Scroll            ||     1
Armor: Leather armour    ||     6
Dodge: Dodged            ||    22

Table legend: (Time is in decaauts)
 A = Elapsed time spent in this place.
 B = Non-inter-level travel time spent in this place.
 C = Inter-level travel time spent in this place.
 D = Time resting spent in this place.
 E = Time spent auto-exploring this place.
 F = Levels seen in this place.
 G = Mean time per level.
                   A        B        C        D        E       F      G
               +--------+--------+--------+--------+--------+-----+--------+
         Total |    308 |    301 |      7 |    152 |     54 |   3 |  102.7 |
       Dungeon |    276 |    269 |      7 |    152 |     31 |   2 |  138.0 |
       Ossuary |     32 |     32 |      0 |      0 |     23 |   1 |   32.0 |
               +--------+--------+--------+--------+--------+-----+--------+

Top non-repeatable levels by time:
     D:4: 182 daAuts
     D:5: 93 daAuts
 Ossuary: 32 daAuts
